 Dungeon Crawl Stone Soup version 0.21-a0-91-ga5031da (webtiles) character file.

34 Duffy the Digger (level 3, -3/31 HPs)
             Began as a Gnoll Wanderer on June 29, 2017.
             Slain by a quokka (4 damage)
             ... on level 2 of the Dungeon.
             The game lasted 00:01:16 (2016 turns).

Duffy the Digger (Gnoll Wanderer)                   Turns: 2016, Time: 00:01:17

Health: -3/31      AC:  4    Str: 12    XL:     3   Next: 31%
Magic:  5/5        EV: 11    Int: 11    God:
Gold:   73         SH:  0    Dex: 14    Spells: 5/5 levels left

rFire    . . .     SeeInvis .   e - +0 dagger
rCold    . . .     Gourm    .   (no shield)
rNeg     . . .     Faith    .   d - +0 robe
rPois    .         Spirit   .   g - +0 helmet
rElec    .         Reflect  .   h - +0 cloak
rCorr    .         Harm     .   (no gloves)
MR       .....                  (no boots)
Stlth    ++........             (no amulet)
HPRegen  0.10/turn              (no ring)
MPRegen  0.09/turn              (no ring)

@: lethally poisoned (-3 -> -6)
A: short attention span, fangs 1, strong nose
a: no special abilities


You were on level 2 of the Dungeon.
You were hungry.

You visited 1 branch of the dungeon, and saw 2 of its levels.

You collected 73 gold pieces.

Inventory:

Hand Weapons
 e - a +0 dagger (weapon)
Armour
 d - a +0 robe (worn)
 g - a +0 helmet (worn)
 h - a +0 cloak (worn)
Scrolls
 l - a scroll of immolation {unknown}
Potions
 c - a potion of lignification
 i - a potion of magic {unknown}
 j - a potion of flight {unknown}
 k - a potion of agility {unknown}
Books
 a - a book of Geomancy

   Spells                             Type                      Level
   a - Sandblast                      Earth                        1
   b - Passwall                       Transmutation/Earth          2
   c - Stone Arrow                    Conjuration/Earth            3
   d - Petrify                        Transmutation/Earth          4
   e - Lee's Rapid Deconstruction     Earth                        5
 b - the Catalogue of Lightness

   Spells                             Type                      Level
   a - Shock                          Conjuration/Air              1
   b - Mephitic Cloud                 Conjuration/Poison/Air       3
Comestibles
 f - 2 bread rations
 m - 4 fruits


   Skills:
 + Level 4.6 Fighting
   Level 1.7 Maces & Flails
 - Level 3.2 Armour
 - Level 1.5 Stealth
 - Level 1.9 Spellcasting
   Level 6.2 Earth Magic
   Level 1.7 Evocations


You had 5 spell levels left.
You didn't know any spells.

Dungeon Overview and Level Annotations

Branches:
Dungeon (2/15)

Altars:


Innate Abilities, Weirdness & Mutations

You have a short attention span.
You have very sharp teeth.
Your uncanny sense of smell can sniff out nearby items.


Message History

You feel sick. The quokka closely misses you. The adder bites you.
You hit the adder.
The adder is moderately wounded.
The quokka bites you. The adder bites you but does no damage.
The quokka misses you.
You barely miss the adder.
The adder is moderately wounded.
You feel sick. The adder closely misses you. The quokka bites you.
The adder bites you but does no damage.
You closely miss the adder.
The adder is moderately wounded.
The adder bites you but does no damage.
The quokka bites you but does no damage.
You hit the adder but do no damage.
The adder is moderately wounded.
The adder bites you but does no damage. The quokka barely misses you.
You miss the adder.
The adder is moderately wounded.
You feel sick. The adder closely misses you. The quokka bites you.
You die...

#.# #.#
#.###
#...#
###.#
#######.#
......>.#
######..#
#.@# #Sr#
...w.
###....
.....#
+###..#
..# ..#


You could see a worm, an adder and a quokka.

Vanquished Creatures
  An ooze (D:1)
  A worm (D:2)
  A dart slug (D:2)
  A leopard gecko (D:1)
  3 giant cockroaches
  2 goblins (D:1)
  5 hobgoblins
  2 bats (D:1)
  3 kobolds
  4 rats
23 creatures vanquished.

Notes
Turn   | Place    | Note
-------+----------+-------------------------------------------
     0 | D:1      | Duffy the Gnoll Wanderer began the quest for the Orb.
     0 | D:1      | Duffy set off with: a book of Geomancy, the Catalogue of Lightness, a potion of lignification, a +0 robe, a +0 dagger, a bread ration
     0 | D:1      | Reached XP level 1. HP: 13/13 MP: 3/3
     0 | D:1      | Identified the Catalogue of Lightness
   107 | D:1      | Reached skill level 1 in Fighting
   313 | D:1      | Reached XP level 2. HP: 7/23 MP: 4/4
  1142 | D:2      | Reached XP level 3. HP: 30/30 MP: 5/5
  2016 | D:2      | HP: 1/31 [poisoned by an adder]
  2016 | D:2      | Slain by a quokka

Vault maps used:
D:1:      minmay_arrival_nine_rooms
D:2:      good_gods_temple_1, tgw_trog, lemuel_doored_altar,
          nicolae_overflow_hidden_temple, first_bread

Skill      XL: |  1  2 |
---------------+-------+-----
Fighting       | 2 4 |  4.6
Maces & Flails | |  1.7
Armour         | |  3.2
Stealth        | |  1.5
Spellcasting   | |  1.9
Earth Magic    | |  6.2
Evocations     | |  1.7

Action                   || total
-------------------------++-------
Melee: Dagger            ||   148
       Bite              ||    16
 Stab: Sleeping          ||     6
  Eat: Chunk             ||     3
Armor: Robe              ||    34
Dodge: Dodged            ||    90
